Map: Acid Plant LE

Players

Infamous - Winner!

  • Race: Protoss Protoss
  • League: Silver
  • Spawn Location: 5:00

sneetch

  • Race: Terran Terran
  • League: Gold
  • Spawn Location: 11:00

VOD

Have the link to the VOD?

Description

Time

  • Played on: March 26, 2018, 2:53 p.m.
  • Length: 10:29
Show
View Real Time Build Order
Export as new Build Order

Infamous Protoss - Winner!

Build Orders: Zealot Archon 

Get SALT Encoding   

  12  0:01  Probe  
  13  0:13  Probe  
  14  0:18  Pylon  
  14  0:26  Probe  
  15  0:37  Gateway  
  15  0:39  Probe (Chrono Boost)  
  17  0:50  Probe (Chrono Boost)  
  17  0:56  Probe (Chrono Boost), Assimilator  
  18  1:12  Pylon  
  18  1:15  Probe  
  19  1:27  Probe  
  20  1:34  Cybernetics Core  
  20  1:39  Probe  
  21  1:43  Pylon  
  21  1:48  Assimilator  
  21  1:51  Pylon  
  21  1:52  Probe (Chrono Boost)  
  23  2:02  Probe (Chrono Boost)  
  23  2:05  Warp Gate (Chrono Boost)  
  23  2:17  Probe  
  23  2:18  Gateway x2  
  24  2:37  Robotics Facility  
  24  2:40  Zealot  
  26  2:46  Probe  
  27  2:58  Probe  
  27  3:03  Pylon  
  28  3:07  Sentry x2  
  28  3:11  Probe  
  33  3:23  Probe  
  34  3:28  Nexus  
  34  3:35  Probe  
  34  3:41  Observer  
  36  3:47  Probe  
  37  4:03  Gateway  
  37  4:04  Gateway  
  37  4:07  Gateway  
  37  4:20  Pylon  
  37  4:24  Probe  
  38  4:31  Immortal (Chrono Boost)  
  42  4:39  Twilight Council  
  42  4:43  Probe (Chrono Boost)  
  44  4:48  Probe (Chrono Boost)  
  45  4:53  Probe (Chrono Boost)  
  44  5:01  Adept  
  44  5:02  Adept x2  
  44  5:05  Probe  
  51  5:07  Immortal (Chrono Boost)  
  51  5:12  Probe  
  56  5:16  Assimilator  
  56  5:24  Probe  
  56  5:25  Forge  
  57  5:29  Zealot  
  57  5:31  Adept  
  57  5:35  Stalker  
  63  5:41  Probe x2  
  65  5:47  Warp Prism  
  67  5:56  Stalker  
  69  6:06  Pylon  
  69  6:10  Pylon, Charge (Chrono Boost), Protoss Ground Armor Level 1 (Chrono Boost)  
  70  6:12  Probe (Chrono Boost)  
  70  6:14  Pylon  
  70  6:22  Probe  
  70  6:24  Probe  
  72  6:26  Stalker  
  72  6:28  Stalker  
  72  6:30  Sentry  
  72  6:31  Pylon, Sentry  
  80  6:43  Probe (Chrono Boost)  
  80  6:45  Probe (Chrono Boost)  
  82  6:51  Assimilator  
  82  6:54  Immortal  
  82  6:55  Probe (Chrono Boost)  
  82  7:01  Probe (Chrono Boost), Templar Archives  
  88  7:21  Shield Battery  
  88  7:25  Photon Cannon  
  88  7:33  Templar Archives  
  88  7:37  Photon Cannon  
  88  7:38  Shield Battery  
  88  7:43  High Templar  
  88  7:44  High Templar  
  92  7:50  Archon  
  92  7:52  Zealot x4  
  100  7:59  Protoss Ground Weapons Level 1 (Chrono Boost)  
  78  8:36  Zealot x3  
  78  8:37  Zealot x3  
  68  9:04  Stalker x2  
  68  9:05  Stalker x4  
  74  9:19  Probe x2  
  74  9:23  Nexus  
  76  9:27  Pylon  
  76  9:29  Pylon  
  76  9:30  Photon Cannon  
  76  9:32  Pylon, High Templar x3  
  76  9:34  Photon Cannon  
  82  9:39  Archon  
  82  9:43  Photon Cannon, Zealot  
  82  9:44  Stalker x2  
  88  9:46  Photon Cannon  
  88  9:49  Photon Cannon  
  92  9:54  Photon Cannon  
  82  10:21  Stalker x4  
  82  10:22  Stalker  
Show
View Real Time Build Order
Export as new Build Order

sneetch Terran 

Build Orders:  

Get SALT Encoding   

  12  0:01  SCV  
  13  0:13  SCV  
  14  0:21  Supply Depot  
  14  0:25  SCV  
  15  0:39  Refinery  
  15  0:50  Barracks  
  15  1:08  SCV  
  16  1:19  Engineering Bay  
  16  1:20  SCV  
  17  1:32  SCV  
  18  1:41  Marine  
  19  1:50  SCV, Refinery  
  20  1:58  Marine  
  21  2:02  SCV  
  22  2:29  Factory  
  22  2:31  SCV  
  23  2:57  Supply Depot  
  23  3:14  Factory Tech Lab  
  23  3:19  Planetary Fortress  
  23  3:21  Supply Depot  
  23  3:24  Hi-Sec Auto Tracking  
  23  3:37  Missile Turret  
  23  3:39  Missile Turret  
  23  3:45  Missile Turret  
  26  3:48  Supply Depot, Siege Tank  
  26  3:56  SCV  
  26  4:00  Missile Turret  
  27  4:08  SCV  
  28  4:10  Supply Depot  
  28  4:20  SCV  
  29  4:33  SCV  
  29  4:37  Starport  
  30  4:45  SCV  
  31  4:57  SCV  
  32  5:03  Command Center  
  32  5:06  Missile Turret  
  32  5:15  Siege Tank  
  32  5:20  Starport Tech Lab  
  35  5:26  Missile Turret  
  35  5:27  Fusion Core  
  35  6:16  Missile Turret  
  35  6:22  Battlecruiser  
  35  6:25  Armory  
  41  6:54  Siege Tank  
  41  6:57  Weapon Refit  
  44  7:02  SCV  
  45  7:16  Supply Depot  
  45  7:27  Starport  
  45  7:35  Missile Turret x2  
  45  7:37  Missile Turret  
  45  7:40  Supply Depot  
  45  7:45  Planetary Fortress  
  45  7:56  Missile Turret  
  45  7:57  Missile Turret  
  45  7:58  Missile Turret  
  40  8:20  Missile Turret  
  23  9:04  SCV  
  24  9:12  Starport Tech Lab  
  24  9:16  SCV  
  25  9:28  SCV  
  26  9:41  SCV  
  27  9:49  SCV  
  28  9:53  SCV  
  29  10:01  SCV  
  29  10:05  SCV  
Tags
 
Composition
Zealot Archon
Matchup
PvT
Replay Pack
Last Remnant (2)
Spawn Locations
Cross Positions
Add a new tag
Caveats
  • Supply blocks, unpowered buildings, or Contaminate may cause inaccurate times.
  • Supply counts are checked every 10 seconds.